 Dungeon Crawl Stone Soup version 0.31.0-11-ge490571c62 (webtiles) character file.

Game seed: 7414981458954722354

345 KKCryptic the Sneak (level 6, 0/28 (32) HPs)
             Began as a Kobold Enchanter on Feb 6, 2024.
             Was an Initiate of Wu Jian.
             Slain by Dowan
             ... wielding a +1 dagger of draining
              (5 damage)
             ... on level 4 of the Dungeon.
             The game lasted 00:13:09 (3380 turns).

KKCryptic the Sneak (Kobold Enchanter)              Turns: 3380, Time: 00:13:10

HP:   0/28 (32)     AC:  3    Str:  6    XL:     6   Next: 90%
MP:   4/9           EV: 15    Int: 16    God:    Wu Jian [......]
Gold: 152           SH:  0    Dex: 17    Spells: 1/9 levels left

rFire   . . .        a - +1 dagger
rCold   . . .        (no shield)
rNeg    + . .        b - +0 robe
rPois   .            (no helmet)
rElec   .            (no cloak)
rCorr   .            e - +0 pair of gloves
SInv    .            (no boots)
Will    .....        (no amulet)
Stlth   ++++         i - ring of positive energy
HPRegen 0.24/turn    (no ring)
MPRegen 0.11/turn

%: no passive effects
@: heavily drained, invisible
A: small, no large weapons, nightstalker 3
a: Renounce Religion


You were on level 4 of the Dungeon.
You worshipped Wu Jian.
Wu Jian was noncommittal.
You visited 1 branch of the dungeon, and saw 4 of its levels.

You collected 152 gold pieces.

Inventory:

Hand Weapons
 a - a +1 dagger (weapon)
Missiles
 d - 2 throwing nets (quivered)
Armour
 b - a +0 robe (worn)
 e - a +0 pair of gloves (worn)
Jewellery
 i - a ring of positive energy (left hand)
Wands
 k - a wand of flame (20)
 o - a wand of quicksilver (7)
Scrolls
 f - a scroll of poison {unknown}
 g - 2 scrolls of immolation {unknown}
 h - 2 scrolls of teleportation
 j - 2 scrolls of enchant armour {unknown}
 l - 2 scrolls of blinking {unknown}
 m - a scroll of brand weapon {unknown}
 n - a scroll of fear {unknown}
 q - 3 scrolls of silence {unknown}
 r - a scroll of amnesia {unknown}
Potions
 p - 2 potions of mutation
 s - 2 potions of enlightenment {unknown}


   Skills:
 * Level 5.4 Short Blades
 - Level 2.4 Dodging
 + Level 5.7 Stealth
 - Level 2.1 Spellcasting
 * Level 5.1 Hexes


You had one spell level left.
You knew the following spells:

 Your Spells              Type           Power      Damage    Failure   Level
a - Ensorcelled Hibernat  Hex/Ice        18%        N/A       11%         2
d - Tukima's Dance        Hex            18%        N/A       8%          3
s - Confusing Touch       Hex            18%        N/A       8%          3

Your spell library contained the following spells:

 Spells                   Type           Power      Damage    Failure   Level
 Freeze                   Ice            4%         1d3       21%         1
 Dazzling Flash           Conj/Hex       18%        N/A       22%         3
 Lesser Beckoning         Tloc           2%         N/A       30%         2
 Frozen Ramparts          Ice            2%         1d1       52%         3
 Gell's Gravitas          Tloc           1%         N/A       52%         3
 Hailstorm                Conj/Ice       1%         3d5       52%         3
 Teleport Other           Tloc           1%         N/A       52%         3


Dungeon Overview and Level Annotations

Branches:
Dungeon (4/15)
 Temple: D:4-7

Altars:
Sif Muna
Wu Jian
Xom

Shops:
D:2 [*(((   D:3 [

Annotations:
D:3 1 runed translucent door, michknight7's ghost, amateur MiFi
D:4 Dowan; Duvessa


Innate Abilities, Weirdness & Mutations

You are small and have problems with some larger weapons.
You are completely attuned to the shadows.


Message History

Confirm with . or Enter, or press ? or * to list all spells.
Your hands begin to glow red.
Duvessa closely misses you.
You hit Duvessa but do no damage.
Duvessa appears confused.
Dowan shouts!
You hit Duvessa.
Duvessa is lightly wounded.
You lunge at Duvessa, in a flurry of attacks.
You hit Duvessa.
Duvessa is lightly wounded.
You hit Duvessa but do no damage.
Duvessa is lightly wounded.
Duvessa grins madly.
Duvessa barely misses Dowan.
You strike the helpless Duvessa from behind!
You puncture Duvessa!
Duvessa is heavily wounded.
You hit Duvessa but do no damage.
Duvessa is heavily wounded.
Dowan hits you with a +1 dagger of draining.
You partially resist.
You feel drained.
Dowan hits you with a +1 dagger of draining.
You partially resist.
You feel drained.
Duvessa hits herself with a +0 rapier.
You hit Duvessa but do no damage.
Duvessa is severely wounded.
Dowan misses you.
You hit Duvessa.
Duvessa is severely wounded.
You hit Duvessa but do no damage.
Duvessa is severely wounded.
Dowan closely misses you.
You hit Duvessa but do no damage.
Duvessa is severely wounded.
Dowan hits you with a +1 dagger of draining.
You partially resist.
You feel drained.
Dowan hits you with a +1 dagger of draining!
You partially resist.
You feel drained. Duvessa hits you with a +0 rapier!
* * * LOW HITPOINT WARNING * * *
You fade into invisibility!
Dowan hits you with a +1 dagger of draining.
You die...

#.....# ##.....#
#......## ........#
##..... #......##
###......
###...#######.#......
..##....#.##..##.....
..#........#...#.e...
#.........>.....@#...
#..............e.....
.....................
...##...........#....
#####.......#..##....
####.....##.#
.........# ..........
......


You could see Duvessa (confused, unable to see you) and Dowan (unable to see
you).

Vanquished Creatures
  A black bear (D:4)
  A scorpion (D:4)
  A hound (D:4)
  Ijyb (D:4)
  6 gnolls
  An adder (D:2)
  3 dart slugs
  3 ribbon worms (D:2)
  3 orcs
  8 endoplasms
  A giant cockroach (D:2)
  2 goblins (D:2)
  8 hobgoblins
  3 jackals (D:2)
  2 kobolds (D:1)
  3 quokkas
  6 ball pythons
  5 bats
  3 frilled lizards
  2 rats
63 creatures vanquished.

Notes
Turn   | Place    | Note
-------+----------+-------------------------------------------
     0 | D:1      | KKCryptic the Kobold Enchanter began the quest for the Orb.
     0 | D:1      | Reached XP level 1. HP: 10/10 MP: 3/3
   253 | D:1      | Reached XP level 2. HP: 15/15 MP: 5/5
   846 | D:1      | Reached XP level 3. HP: 19/19 MP: 6/6
  1184 | D:2      | Found Puplunit's Armour Shop.
  1307 | D:2      | Found Saidgh's Weapon Emporium.
  1405 | D:2      | Found Leroakh's Antique Weapon Boutique.
  1439 | D:2      | Reached XP level 4. HP: 24/24 MP: 7/7
  1525 | D:2      | Found Orapti's Assorted Antiques.
  1677 | D:2      | Learned a level 2 spell: Ensorcelled Hibernation
  1681 | D:2      | Learned a level 3 spell: Confusing Touch
  1741 | D:2      | Reached XP level 5. HP: 24/28 MP: 1/8
  2054 | D:2      | Found Iguraiviw's Weapon Shop.
  2312 | D:3      | Found Ygre's Antique Armour Shoppe.
  2322 | D:3      | Reached skill level 5 in Stealth
  2445 | D:3      | Found a shimmering altar of Xom.
  2738 | D:3      | Found a runed translucent door.
  2739 | D:3      | Noticed michknight7's ghost (amateur MiFi)
  2928 | D:3      | Found a shimmering blue altar of Sif Muna.
  2987 | D:3      | Learned a level 3 spell: Tukima's Dance
  3010 | D:4      | Reached XP level 6. HP: 32/32 MP: 9/9
  3017 | D:4      | Found an ornate altar of the Wu Jian Council.
  3026 | D:4      | Noticed a black bear
  3031 | D:4      | Killed a black bear
  3032 | D:4      | Reached skill level 5 in Short Blades
  3032 | D:4      | Noticed Ijyb
  3037 | D:4      | Killed Ijyb
  3038 | D:4      | Reached skill level 5 in Hexes
  3135 | D:4      | Became a worshipper of the Wu Jian Council
  3362 | D:4      | Noticed Duvessa
  3362 | D:4      | Noticed Dowan
  3380 | D:4      | Slain by Dowan

Illustrated notes

Levels and vault maps discovered:
D:1:      elethiomel_arrival_fortress_basement, layout_loops_corners
D:2:      layout_loops_cross, serial_shops,
          nicolae_shop_temple_entry_statues_fountains,
          nicolae_shop_just_a_little_nook, shop, shop_statue, shop,
          kennysheep_nub
D:3:      layout_rooms, mainiacjoe_overflow_tiny_flanked,
          mainiacjoe_overflow_brackets, gammafunk_ghost_grave, serial_shops,
          nicolae_shop_real_fake_doors, grunt_decor_resistance, hex_tiny
D:4:      layout_cave_pools, overflow_temple_1_default, minitemple,
          minmay_misc_feat_room, uniq_duvessa, uniq_ijyb

Skill      XL: |  1  2  3  4  5  6 |
---------------+-------------------+-----
Short Blades   | 2 3 4 5 |  5.4
Hexes          | 4 5 |  5.1
Stealth        | 5 |  5.7
Dodging        | |  2.4
Spellcasting   | |  2.1

Action                     |  1- 3 |  4- 6 || total
---------------------------+-------+-------++-------
  Melee: Dagger            |    75 |   122 ||   197
         Punch             |     2 |     1 ||     3
   Cast: Ensorcelled Hiber |       |    13 ||    13
         Tukima's Dance    |       |     1 ||     1
         Confusing Touch   |       |     1 ||     1
Ability: Lunge             |       |     1 ||     1
    Use: Potion            |       |     2 ||     2
         Scroll            |       |     4 ||     4
   Stab: Sleeping          |    18 |    21 ||    39
         Distracted        |       |     1 ||     1
         Invisible         |       |     1 ||     1
         Confused          |       |     1 ||     1
 Armour: Robe              |    22 |    47 ||    69
  Dodge: Dodged            |    38 |    78 ||   116
